 Dungeon Crawl Stone Soup version 0.26.0-41-g79a4fc7684 (webtiles) character file.

Game seed: 13659044833709278708

198 kreisler the Sneak (level 5, -6/36 HPs)
             Began as an Octopode Brigand on Jan 26, 2021.
             Killed by nerve-wracking pain
             ... invoked by an orc priest
              (13 damage)
             ... on level 4 of the Dungeon.
             The game lasted 00:08:16 (2187 turns).

kreisler the Sneak (Octopode Brigand)               Turns: 2187, Time: 00:08:17

Health: -6/36      AC:  1    Str: 10    XL:     5   Next: 76%
Magic:  5/5        EV: 13    Int: 14    God:
Gold:   228        SH:  0    Dex: 14    Spells: 4/4 levels left

rFire    x . .     SeeInvis .   a - +2 dagger
rCold    + . .     Faith    .   (no shield)
rNeg     . . .     Spirit   .   (helmet restricted)
rPois    .         Reflect  .   (no amulet)
rElec    .         Harm     .   e - ring of ice
rCorr    .         Rampage  .   (no ring)
Will     .....                  (no ring)
Stlth    +++++.....             (no ring)
HPRegen  0.12/turn              (no ring)
MPRegen  0.09/turn              (no ring)
                                (no ring)
                                (no ring)

@: no status effects
A: almost no armour, stealthy swim, amphibious, 8 rings, constrict 8, camouflage
1, gelatinous body 1
a: no special abilities


You were on level 4 of the Dungeon.
You visited 1 branch of the dungeon, and saw 4 of its levels.

You collected 228 gold pieces.

Inventory:

Hand Weapons
 a - a +2 dagger (weapon)
Missiles
 b - 28 poisoned darts (quivered)
 c - 2 curare-tipped darts
 j - 2 atropa-tipped darts
Jewellery
 e - a ring of ice (left tentacle)
Wands
 i - a wand of iceblast (5)
Scrolls
 f - a scroll of teleportation
 h - a scroll of blinking
 l - a scroll of amnesia
 n - a scroll of fear
Potions
 g - a potion of flight
 k - a potion of curing


   Skills:
 + Level 2.8 Fighting
 + Level 3.5 Short Blades
 + Level 2.2 Throwing
 + Level 1.6 Dodging
 + Level 7.3 Stealth


You had 4 spell levels left.
You didn't know any spells.
Your spell library was empty.

Dungeon Overview and Level Annotations

Branches:
Dungeon (4/15)
 Temple: D:4-7

Altars:
Sif Muna


Innate Abilities, Weirdness & Mutations

You cannot wear most types of armour.
You are very stealthy in the water. (Stealth+)
You are amphibious.
You can wear up to eight rings at the same time.
You can use your tentacles to constrict eight enemies at once.
Your skin changes colour to match your surroundings (Stealth+).
Your rubbery body absorbs attacks. (AC +1, EV +1)


Message History

The orc priest shouts!
The orc wizard shouts! x2
The orc wizard closely misses you.
You hit the orc wizard. Your grab misses the orc wizard.
Your squeeze misses the orc wizard.
The orc wizard is lightly wounded.
You closely miss the orc wizard. Your grab misses the orc wizard.
The orc wizard is lightly wounded.
The orc wizard hits you with a +0 dagger.
The orc priest calls down the wrath of Beogh upon you.
Beogh smites you!
You hit the orc wizard. Your grab misses the orc wizard.
Your squeeze misses the orc wizard.
The orc wizard is moderately wounded.
The orc priest calls down the wrath of Beogh upon you.
Beogh smites you!
* * * LOW HITPOINT WARNING * * *
Found 23 stones.
The orc priest mumbles some strange prayers to Beogh against you.
Pain shoots through your body!
You die...

#....... #.(....
.# ....... ..
...... . #.
#.#..# # #. #.
#..#.##..
#..###.##......#
#.......@.....#.
#....o..o.......
#...?.o.<.......
#.....).........
#.......$.......
###.######......
## ...... ......
...#.


You could see an orc priest and 2 orc wizards.

Vanquished Creatures
  An orc wizard (D:3)
  Ijyb (D:3)
  8 adders
  An ooze (D:2)
  2 worms (D:2)
  A dart slug (D:3)
  3 leopard geckos
  4 orcs (D:3)
  6 goblins
  7 hobgoblins
  3 quokkas
  8 bats
  3 frilled lizards
  5 kobolds
  4 rats
57 creatures vanquished.

Notes
Turn   | Place    | Note
-------+----------+-------------------------------------------
     0 | D:1      | kreisler the Octopode Brigand began the quest for the Orb.
     0 | D:1      | Reached XP level 1. HP: 14/14 MP: 1/1
   450 | D:2      | Reached XP level 2. HP: 18/19 MP: 2/2
   535 | D:2      | Reached skill level 6 in Stealth
   540 | D:2      | Reached XP level 3. HP: 24/24 MP: 3/3
  1057 | D:2      | Reached XP level 4. HP: 29/29 MP: 4/4
  1278 | D:2      | Found a shimmering blue altar of Sif Muna.
  1431 | D:3      | Noticed Ijyb
  1450 | D:3      | Killed Ijyb
  1451 | D:3      | Reached skill level 7 in Stealth
  1451 | D:3      | Reached XP level 5. HP: 30/35 MP: 5/5
  2187 | D:4      | Killed from afar by an orc priest

Illustrated notes

Levels and vault maps discovered:
D:1:      wander_arrival_chamber, layout_basic
D:2:      layout_rooms, led_sif_pool, minmay_pentomino_pile
D:3:      layout_loops_ring, uniq_ijyb
D:4:      layout_rooms, kennysheep_little_box,
          chequers_temple_overflow_statue_of_worship, minmay_temple_entry_hall,
          grunt_ministairs_14, makhleb_blood_cavern_becter, uniq_purgy,
          uniq_robin

Skill      XL: |  1  2  3  4 |
---------------+-------------+-----
Stealth        | 6 7 |  7.3
Short Blades   | 3 |  3.5
Fighting       | |  2.8
Throwing       | |  2.2
Dodging        | |  1.6

Action                   |  1- 3 |  4- 6 || total
-------------------------+-------+-------++-------
Melee: Dagger            |    52 |    75 ||   127
       Constrict         |    13 |    22 ||    35
       Tentacles         |     9 |    16 ||    25
Throw: Dart              |     1 |     6 ||     7
  Use: Scroll            |       |     8 ||     8
       Potion            |       |     5 ||     5
 Stab: Sleeping          |     9 |     6 ||    15
Armor: Skin              |     3 |     4 ||     7
Dodge: Dodged            |    27 |    50 ||    77
